ITL
RICHMOND FLAIRS @ BLUEVILLE 83'S
09/06/2027
 
TOP OF THE 1ST
Richmond Flairs batting - Pitching for Blueville 83's : RHP Gary Grimes
Pitching: RHP Gary Grimes
Batting: RHB Javier Rentería 0-0: Called Strike
0-1: Ball
1-1: Ball
2-1: Fly out, F8 (Flyball, 78M)
Batting: LHB Dave Gray 0-0: Ground out 5-3 (Groundball, 56S)
Batting: RHB Elliott Johnston 0-0: Ball
1-0: Swinging Strike
1-1: Foul Ball, location: 2F
1-2: Ball
2-2: Strikes out swinging, 2-3 out at first.
Top of the 1st over - 0 run(s), 0 hit(s), 0 error(s), 0 left on base; Richmond 0 - Blueville 0
BOTTOM OF THE 1ST
Blueville 83's batting - Pitching for Richmond Flairs : RHP Sandro Gonzáles
Pitching: RHP Sandro Gonzáles
Batting: SHB Caden Keith 0-0: Ball
1-0: SINGLE (Line Drive, 78S)
Batting: RHB Barney Lawson 0-0: Ball
1-0: Ball
2-0: Called Strike
2-1: Foul Ball, location: 2F
2-2: Foul Ball, location: 2F
2-2: Foul Ball, location: 2F
2-2: Ball
3-2: Fly out, F8 (Flyball, 8LD)
Batting: RHB Gernot Renner 0-0: Foul Ball, location: 2F
0-1: Called Strike
0-2: Ball
1-2: Ball
Caden Keith is caught stealing 2nd base
2-2: Ball
3-2: Fly out, F7 (Line Drive, 7)
Bottom of the 1st over - 0 run(s), 1 hit(s), 0 error(s), 0 left on base; Richmond 0 - Blueville 0
TOP OF THE 2ND
Richmond Flairs batting - Pitching for Blueville 83's : RHP Gary Grimes
Batting: LHB Luis Villa 0-0: Ball
1-0: Ball
2-0: Swinging Strike
2-1: Swinging Strike
2-2: Strikes out looking
Batting: SHB Carlos Reyes 0-0: Ball
1-0: Ball
2-0: Called Strike
2-1: Ball
3-1: Swinging Strike
3-2: SINGLE (Flyball, 7S)
Batting: LHB R.J. Courtney 0-0: Called Strike
0-1: Ball
1-1: SINGLE (Groundball, 4S) (infield hit)
Carlos Reyes to second
Batting: LHB Frank Geddes 0-0: Ball
1-0: Called Strike
1-1: Ball
2-1: Ball
3-1: Foul Ball, location: 2F
3-2: Strikes out swinging
Batting: RHB Gary Thomas 0-0: Foul Ball, location: 2F
0-1: Swinging Strike
0-2: Foul Ball, location: 2F
0-2: Strikes out swinging
Top of the 2nd over - 0 run(s), 2 hit(s), 0 error(s), 2 left on base; Richmond 0 - Blueville 0
BOTTOM OF THE 2ND
Blueville 83's batting - Pitching for Richmond Flairs : RHP Sandro Gonzáles
Batting: SHB Jack Fountain 0-0: Ball
1-0: Swinging Strike
1-1: Ball
2-1: Ball
3-1: Called Strike
3-2: Base on Balls
Batting: RHB Matt Perkins 0-0: Ball
1-0: Called Strike
1-1: Ball
2-1: SINGLE (Groundball, 6MD)
Jack Fountain to second
Batting: LHB Ricardo Romero 0-0: Called Strike
0-1: 3-RUN HOME RUN (Flyball, 9D), Distance : 372 ft
Batting: LHB Ron Robinson 0-0: Ground out 4-3 (Groundball, 4)
Batting: LHB Vincente Sáenz 0-0: Called Strike
0-1: Ball
1-1: SINGLE (Line Drive, 78M)
Batting: LHB Dave Pitts 0-0: Called Strike
0-1: Called Strike
0-2: Ball
1-2: Ball
2-2: Foul Ball, location: 2F
2-2: Ball
3-2: Base on Balls
Vincente Sáenz to second
Batting: SHB Caden Keith 0-0: Ball
1-0: Ball
2-0: Called Strike
2-1: Called Strike
2-2: Fly out, F5 (Popup, 56)
Batting: RHB Barney Lawson 0-0: Ball
1-0: SINGLE (Line Drive, 7LS)
Vincente Sáenz to third
Dave Pitts to second
Runner from 3rd tries for Home, SAFE, no throw
Batting: RHB Gernot Renner 0-0: Ground out 5-3 (Groundball, 56)
Bottom of the 2nd over - 4 run(s), 4 hit(s), 0 error(s), 2 left on base; Richmond 0 - Blueville 4
TOP OF THE 3RD
Richmond Flairs batting - Pitching for Blueville 83's : RHP Gary Grimes
Batting: RHB Christian Hudson 0-0: Ball
1-0: Swinging Strike
1-1: Foul Ball, location: 2F
1-2: Strikes out swinging
Batting: RHB Javier Rentería 0-0: Foul Ball, location: 2F
0-1: Called Strike
0-2: Ground out 5-3 (Groundball, 5S)
Batting: LHB Dave Gray 0-0: SINGLE (Groundball, 4D)
Batting: RHB Elliott Johnston 0-0: Ball
1-0: Ball
2-0: Swinging Strike
2-1: Foul Ball, location: 2F
Balk!
Dave Gray to second
2-2: Ground out 4-3 (Groundball, 4S)
Top of the 3rd over - 0 run(s), 1 hit(s), 0 error(s), 1 left on base; Richmond 0 - Blueville 4
BOTTOM OF THE 3RD
Blueville 83's batting - Pitching for Richmond Flairs : RHP Sandro Gonzáles
Batting: SHB Jack Fountain 0-0: Ball
1-0: Ball
2-0: Ball
3-0: Called Strike
3-1: Called Strike
3-2: Base on Balls
Batting: RHB Matt Perkins 0-0: Fly out, F9 (Flyball, 9)
Batting: LHB Ricardo Romero 0-0: Ball
1-0: Called Strike
1-1: Ball
2-1: Ball
3-1: Fly out, F8 (Flyball, 78M)
Batting: LHB Ron Robinson 0-0: Ball
1-0: Foul Ball, location: 2F
1-1: Called Strike
1-2: Ground out 1-3 (Groundball, 13S)
Bottom of the 3rd over - 0 run(s), 0 hit(s), 0 error(s), 1 left on base; Richmond 0 - Blueville 4
TOP OF THE 4TH
Richmond Flairs batting - Pitching for Blueville 83's : RHP Gary Grimes
Batting: LHB Luis Villa 0-0: Swinging Strike
0-1: Ball
1-1: Swinging Strike
1-2: Ball
2-2: Strikes out looking
Batting: SHB Carlos Reyes 0-0: SINGLE (Groundball, 4MD)
Batting: LHB R.J. Courtney 0-0: Foul Ball, location: 2F
0-1: Ball
1-1: Ball
2-1: Foul Ball, location: 2F
2-2: Ball
3-2: Base on Balls
Carlos Reyes to second
Batting: LHB Frank Geddes 0-0: Ball
1-0: Called Strike
1-1: Foul Ball, location: 2F
1-2: SINGLE (Groundball, 34) (infield hit)
Carlos Reyes to third
R.J. Courtney to second
Batting: RHB Gary Thomas 0-0: Ball
1-0: Foul Ball, location: 2F
1-1: SINGLE (Groundball, 6) (infield hit)
Carlos Reyes scores
R.J. Courtney to third
Frank Geddes to second
Batting: RHB Christian Hudson 0-0: Called Strike
0-1: Swinging Strike
0-2: Foul Ball, location: 2F
0-2: SINGLE (Line Drive, 9S)
R.J. Courtney scores
Frank Geddes to third
Gary Thomas to second
Runner from 3rd tries for Home, SAFE, throw made home
Gary Thomas to third
Christian Hudson to second
Batting: RHB Javier Rentería 0-0: Called Strike
0-1: Swinging Strike
0-2: Fly out, F8 (Flyball, 8LM)
Runner from 3rd tags up, SCORES, throw made
Batting: LHB Dave Gray 0-0: Foul Ball, location: 2F
0-1: Ball
1-1: Ball
2-1: Ball
3-1: Called Strike
3-2: Ground out 4-3 (Groundball, 4D)
Top of the 4th over - 4 run(s), 4 hit(s), 0 error(s), 1 left on base; Richmond 4 - Blueville 4
BOTTOM OF THE 4TH
Blueville 83's batting - Pitching for Richmond Flairs : RHP Sandro Gonzáles
Batting: LHB Vincente Sáenz 0-0: Called Strike
0-1: Foul Ball, location: 2F
0-2: SINGLE (Line Drive, 78S)
Batting: LHB Dave Pitts 0-0: Swinging Strike
0-1: Ball
1-1: Ball
2-1: Ball
3-1: Grounds into double play, 4-6-3 (Groundball, 4M)
Batting: SHB Caden Keith 0-0: Ball
1-0: Called Strike
1-1: Ground out 4-3 (Groundball, 4)
Bottom of the 4th over - 0 run(s), 1 hit(s), 0 error(s), 0 left on base; Richmond 4 - Blueville 4
TOP OF THE 5TH
Richmond Flairs batting - Pitching for Blueville 83's : RHP Gary Grimes
Batting: RHB Elliott Johnston 0-0: Ball
1-0: Ball
2-0: DOUBLE (Flyball, 89D)
Batting: LHB Luis Villa 0-0: Intentional Walk
Batting: SHB Carlos Reyes 0-0: Ball
1-0: Swinging Strike
1-1: Called Strike
1-2: Ball
2-2: Strikes out swinging
Batting: LHB R.J. Courtney 0-0: Ball
1-0: Foul Ball, location: 2F
1-1: Foul Ball, location: 2F
1-2: Strikes out looking
Batting: LHB Frank Geddes 0-0: Foul Ball, location: 2F
0-1: Ball
1-1: Ball
2-1: Ball
3-1: Base on Balls
Elliott Johnston to third
Luis Villa to second
Batting: RHB Gary Thomas 0-0: Called Strike
0-1: Fly out, F3 (Popup, 3L)
Top of the 5th over - 0 run(s), 1 hit(s), 0 error(s), 3 left on base; Richmond 4 - Blueville 4
BOTTOM OF THE 5TH
Blueville 83's batting - Pitching for Richmond Flairs : RHP Sandro Gonzáles
Batting: RHB Barney Lawson 0-0: Fly out, F4 (Popup, 4D)
Batting: RHB Gernot Renner 0-0: Ball
1-0: Ball
2-0: Ball
3-0: Base on Balls
Batting: SHB Jack Fountain 0-0: Called Strike
0-1: Ball
1-1: Ball
2-1: Ball
3-1: Fly out, F7 (Flyball, 78D)
Batting: RHB Matt Perkins 0-0: Called Strike
0-1: SINGLE (Groundball, 56D)
Gernot Renner to second
Batting: LHB Ricardo Romero 0-0: Ball
1-0: Called Strike
1-1: Swinging Strike
1-2: Fly out, F8 (Line Drive, 8LM)
Bottom of the 5th over - 0 run(s), 1 hit(s), 0 error(s), 2 left on base; Richmond 4 - Blueville 4
TOP OF THE 6TH
Richmond Flairs batting - Pitching for Blueville 83's : RHP Gary Grimes
Batting: RHB Christian Hudson 0-0: Ball
1-0: Swinging Strike
1-1: Ball
2-1: Ball
3-1: Ground out 1-3 (Groundball, P)
Batting: RHB Javier Rentería 0-0: Called Strike
0-1: Ball
1-1: Reached on error, E9 (Flyball, 9)
Batting: LHB Dave Gray 0-0: Ball
1-0: Swinging Strike
1-1: Ball
2-1: Swinging Strike
2-2: Foul Ball, location: 2F
2-2: Strikes out swinging
Batting: RHB Elliott Johnston 0-0: Called Strike
0-1: Called Strike
0-2: Ball
Javier Rentería steals 2nd base
1-2: Ball
2-2: Ball
3-2: Ground out 4-3 (Groundball, 4)
Top of the 6th over - 0 run(s), 0 hit(s), 1 error(s), 1 left on base; Richmond 4 - Blueville 4
BOTTOM OF THE 6TH
Blueville 83's batting - Pitching for Richmond Flairs : RHP Sandro Gonzáles
Batting: LHB Ron Robinson 0-0: Foul Ball, location: 2F
0-1: Ball
1-1: Fly out, F7 (Flyball, 7LM)
Batting: LHB Vincente Sáenz 0-0: Called Strike
0-1: SINGLE (Line Drive, 7S)
Batting: LHB Dave Pitts 0-0: Ball
1-0: Called Strike
1-1: Fly out, F7 (Flyball, 7S)
Batting: SHB Caden Keith 0-0: Ball
1-0: Called Strike
1-1: Foul Ball, location: 2F
1-2: Fly out, F8 (Flyball, 8LM)
Bottom of the 6th over - 0 run(s), 1 hit(s), 0 error(s), 1 left on base; Richmond 4 - Blueville 4
TOP OF THE 7TH
Richmond Flairs batting - Pitching for Blueville 83's : RHP Gary Grimes
Batting: LHB Luis Villa 0-0: Foul Ball, location: 2F
0-1: Ball
1-1: Ball
2-1: Swinging Strike
2-2: SINGLE (Flyball, 8RS)
Batting: SHB Carlos Reyes 0-0: Ball
Luis Villa is caught stealing 2nd base
1-0: Called Strike
1-1: Ground out 5-3 (Groundball, 56)
Pinch Hitting: LHB Sean Nicks 0-0: Fly out, F4 (Popup, 34D)
Top of the 7th over - 0 run(s), 1 hit(s), 0 error(s), 0 left on base; Richmond 4 - Blueville 4
BOTTOM OF THE 7TH
Blueville 83's batting - Pitching for Richmond Flairs : RHP Sandro Gonzáles
Pitching: RHP Luis Bruno
Now in LF: Roland Jones
Pinch Hitting: LHB Cristóbal Cintrón 0-0: Ball
1-0: Foul Ball, location: 2F
1-1: Foul Ball, location: 2F
1-2: Foul Ball, location: 2F
1-2: Ball
2-2: Foul Ball, location: 2F
2-2: Foul Ball, location: 2F
2-2: Ground out 4-3 (Groundball, 4)
Batting: RHB Gernot Renner 0-0: Ball
1-0: Called Strike
1-1: Swinging Strike
1-2: DOUBLE (Line Drive, 7D)
Pinch Hitting: LHB Jacob Wright 0-0: Intentional Walk
Batting: RHB Matt Perkins 0-0: Called Strike
0-1: Ball
1-1: Ball
2-1: Grounds into double play, 6-4-3 (Groundball, 6)
Bottom of the 7th over - 0 run(s), 1 hit(s), 0 error(s), 1 left on base; Richmond 4 - Blueville 4
TOP OF THE 8TH
Richmond Flairs batting - Pitching for Blueville 83's : RHP Gary Grimes
Now at SS: Carlos Carrillo
Now in RF: Cristóbal Cintrón
Batting: LHB Frank Geddes 0-0: Called Strike
0-1: Ground out 4-3 (Groundball, 4)
Pinch Hitting: RHB R.J. Crosby 0-0: Ball
1-0: Ball
2-0: Foul Ball, location: 2F
2-1: Foul Ball, location: 2F
2-2: Ground out 5-3 (Groundball, 5L)
Pinch Hitting: SHB António Enríquez 0-0: Called Strike
0-1: Swinging Strike
0-2: Ball
1-2: Foul Ball, location: 2F
1-2: DOUBLE (Line Drive, 89D)
Pitching: LHP Pierre Dumont
Batting: RHB Javier Rentería 0-0: Ball
1-0: Ball
2-0: Foul Ball, location: 2F
2-1: Ground out 5-3 (Groundball, 56S)
Top of the 8th over - 0 run(s), 1 hit(s), 0 error(s), 1 left on base; Richmond 4 - Blueville 4
BOTTOM OF THE 8TH
Blueville 83's batting - Pitching for Richmond Flairs : RHP Luis Bruno
Pitching: LHP Salvador Rodríguez
Now at 2B: Maresuke Yoshida
Now at 3B: Adrián Miranda
Pinch Hitting: RHB Fernando Díaz 0-0: Ball
1-0: DOUBLE (Line Drive, 9LS)
Pinch Hitting: RHB Daryl Floyd 0-0: Ball
1-0: Called Strike
1-1: Ball
2-1: Hit by Pitch
Pinch Runner at 2nd José Estrada:
Batting: LHB Vincente Sáenz 0-0: Ball
1-0: Sac Bunt - play at first, batter OUT! 1-4
José Estrada to third
Daryl Floyd to second
Pitching: RHP Lorenzo Ramos
Batting: LHB Dave Pitts 0-0: Called Strike
0-1: Ground out 5-3 (Groundball, 56S)
Batting: SHB Caden Keith 0-0: Ball
1-0: Ball
2-0: Called Strike
2-1: Foul Ball, location: 2F
2-2: Fly out, F7 (Flyball, 7)
Bottom of the 8th over - 0 run(s), 1 hit(s), 0 error(s), 2 left on base; Richmond 4 - Blueville 4
TOP OF THE 9TH
Richmond Flairs batting - Pitching for Blueville 83's : LHP Pierre Dumont
Now at 3B: Pat Haynes
Now in LF: Daryl Floyd
Pinch Hitting: RHB Hollis Wood 0-0: Called Strike
0-1: Ball
1-1: Ball
2-1: Ball
3-1: Base on Balls
Batting: RHB Elliott Johnston 0-0: Ball
1-0: Called Strike
1-1: Swinging Strike
1-2: Strikes out swinging
Pinch Hitting: RHB Jack Ray 0-0: Fly out, F8 (Flyball, 78S)
Pitching: RHP José Becerra
Batting: SHB Carlos Reyes 0-0: Ball
1-0: Ball
2-0: SINGLE (Groundball, 4MD)
Hollis Wood to second
Batting: LHB Roland Jones 0-0: Swinging Strike
0-1: Swinging Strike
0-2: Ball
1-2: Foul Ball, location: 2F
1-2: Strikes out swinging
Top of the 9th over - 0 run(s), 1 hit(s), 0 error(s), 2 left on base; Richmond 4 - Blueville 4
BOTTOM OF THE 9TH
Blueville 83's batting - Pitching for Richmond Flairs : RHP Lorenzo Ramos
Pitching: LHP Takaaki Omori
Now at 2B: Jack Ray
Now in LF: Mike Young
Pinch Hitting: RHB Jorge Rodríguez 0-0: Ground out 6-3 (Groundball, 56)
Pitching: RHP Octávio Morín
Batting: RHB Gernot Renner 0-0: Swinging Strike
0-1: Foul Ball, location: 2F
0-2: Ball
1-2: Ball
2-2: Foul Ball, location: 2F
2-2: Foul Ball, location: 2F
2-2: Foul Ball, location: 2F
2-2: Ground out 4-3 (Groundball, 4M)
Batting: RHB Carlos Carrillo 0-0: Ball
1-0: Ball
2-0: Ball
3-0: Base on Balls
Batting: RHB Matt Perkins 0-0: Ball
Pickoff Throw to First - Out!
Bottom of the 9th over - 0 run(s), 0 hit(s), 0 error(s), 0 left on base; Richmond 4 - Blueville 4
TOP OF THE 10TH
Richmond Flairs batting - Pitching for Blueville 83's : RHP José Becerra
Now in RF: Jorge Rodríguez
Batting: LHB Frank Geddes 0-0: Ball
1-0: Ball
2-0: Ball
3-0: Base on Balls
Batting: RHB Maresuke Yoshida 0-0: Bunted foul
0-1: Bunted foul
0-2: Ball
1-2: Ball
2-2: Ball
3-2: Base on Balls
Frank Geddes to second
Pitching: RHP Félix Rivera
Batting: SHB Adrián Miranda 0-0: Ball
1-0: Sac Bunt - play at third, runner OUT! 3-6
Maresuke Yoshida to second
Batting: RHB Javier Rentería 0-0: Grounds into double play, 6-4-3 (Groundball, 6)
Top of the 10th over - 0 run(s), 0 hit(s), 0 error(s), 1 left on base; Richmond 4 - Blueville 4
BOTTOM OF THE 10TH
Blueville 83's batting - Pitching for Richmond Flairs : RHP Octávio Morín
Batting: RHB Matt Perkins 0-0: Called Strike
0-1: Ball
1-1: Called Strike
1-2: Foul Ball, location: 2F
1-2: Foul Ball, location: 2F
1-2: Foul Ball, location: 2F
1-2: Foul Ball, location: 2F
1-2: SINGLE (Groundball, 6MD)
Batting: RHB Pat Haynes 0-0: Sac Bunt - play at first, batter OUT! 5-4
Matt Perkins to second
Pinch Hitting: LHB Júlio Velásquez 0-0: Foul Ball, location: 2F
0-1: Foul Ball, location: 2F
0-2: Strikes out looking
Batting: LHB Vincente Sáenz 0-0: Ball
1-0: Ball
2-0: Called Strike
2-1: Foul Ball, location: 2F
2-2: Ground out 4-3 (Groundball, 4M)
Bottom of the 10th over - 0 run(s), 1 hit(s), 0 error(s), 1 left on base; Richmond 4 - Blueville 4
TOP OF THE 11TH
Richmond Flairs batting - Pitching for Blueville 83's : RHP Félix Rivera
Now in RF: Júlio Velásquez
Batting: LHB Mike Young 0-0: Called Strike
0-1: Ground out U3 (Groundball, 3)
Batting: RHB Elliott Johnston 0-0: Called Strike
0-1: Ball
1-1: Called Strike
1-2: Strikes out swinging
Batting: RHB Jack Ray 0-0: Ball
1-0: Fly out, F7 (Line Drive, 78M)
Top of the 11th over - 0 run(s), 0 hit(s), 0 error(s), 0 left on base; Richmond 4 - Blueville 4
BOTTOM OF THE 11TH
Blueville 83's batting - Pitching for Richmond Flairs : RHP Octávio Morín
Batting: LHB Dave Pitts 0-0: Called Strike
0-1: Ball
1-1: DOUBLE (Line Drive, 8RD)
Batting: SHB Caden Keith 0-0: Called Strike
0-1: Foul Ball, location: 2F
0-2: Strikes out looking
Batting: RHB Jorge Rodríguez 0-0: Ground out 4-3 (Groundball, 4M)
Dave Pitts to third
Batting: RHB Gernot Renner 0-0: Ball
1-0: Called Strike
1-1: Called Strike
1-2: Strikes out swinging
Bottom of the 11th over - 0 run(s), 1 hit(s), 0 error(s), 1 left on base; Richmond 4 - Blueville 4
TOP OF THE 12TH
Richmond Flairs batting - Pitching for Blueville 83's : RHP Félix Rivera
Batting: SHB Carlos Reyes 0-0: Ball
1-0: Ball
2-0: Foul Ball, location: 2F
2-1: Ball
3-1: SINGLE (Groundball, 6MD)
Batting: LHB Roland Jones 0-0: Ball
1-0: Fly out, F8 (Flyball, 8LD)
Batting: LHB Frank Geddes 0-0: Called Strike
Carlos Reyes steals 2nd base
0-1: Foul Ball, location: 2F
0-2: Foul Ball, location: 2F
0-2: Ball
1-2: Ball
2-2: Foul Ball, location: 2F
2-2: Foul Ball, location: 2F
2-2: Foul Ball, location: 2F
2-2: Foul Ball, location: 2F
2-2: Ball
3-2: Intentional Walk
Pitching: RHP Ernesto Germán
Pinch Hitting: RHB Ray Yates 0-0: Swinging Strike
0-1: Ball
1-1: Ball
2-1: Foul Ball, location: 2F
2-2: Ball
Passed Ball!
Carlos Reyes to third
Frank Geddes to second
3-2: Foul Ball, location: 2F
3-2: Strikes out looking
Batting: SHB Adrián Miranda 0-0: Fly out, F7 (Flyball, 7LM)
Top of the 12th over - 0 run(s), 1 hit(s), 0 error(s), 2 left on base; Richmond 4 - Blueville 4
BOTTOM OF THE 12TH
Blueville 83's batting - Pitching for Richmond Flairs : RHP Octávio Morín
Now at SS: Ray Yates
Batting: RHB Carlos Carrillo 0-0: Ground out 5-3 (Groundball, 5S)
Batting: RHB Matt Perkins 0-0: Called Strike
0-1: Ball
1-1: Ball
2-1: Ground out 4-3 (Groundball, 4MS)
Batting: RHB Pat Haynes 0-0: Ball
1-0: Ground out 1-3 (Groundball, 15)
Bottom of the 12th over - 0 run(s), 0 hit(s), 0 error(s), 0 left on base; Richmond 4 - Blueville 4
TOP OF THE 13TH
Richmond Flairs batting - Pitching for Blueville 83's : RHP Ernesto Germán
Batting: RHB Javier Rentería 0-0: Ball
1-0: Ground out 5-3 (Groundball, 56)
Batting: LHB Mike Young 0-0: Called Strike
0-1: Ball
1-1: Foul Ball, location: 2F
1-2: Ball
2-2: Strikes out swinging
Batting: RHB Elliott Johnston 0-0: Ball
1-0: Ball
2-0: Ball
3-0: Base on Balls
Batting: RHB Jack Ray 0-0: SINGLE (Groundball, 34D)
Elliott Johnston to second
Runner from 2nd tries for 3rd, SAFE, throw made to third
Batting: SHB Carlos Reyes 0-0: Called Strike
0-1: Swinging Strike
0-2: Ball
1-2: Foul Ball, location: 2F
1-2: Ball
2-2: Strikes out swinging
Top of the 13th over - 0 run(s), 1 hit(s), 0 error(s), 2 left on base; Richmond 4 - Blueville 4
BOTTOM OF THE 13TH
Blueville 83's batting - Pitching for Richmond Flairs : RHP Octávio Morín
Pitching: RHP Alfonso Rodríguez
Batting: LHB Júlio Velásquez 0-0: Ball
1-0: Ground out 4-3 (Groundball, 4)
Batting: LHB Vincente Sáenz 0-0: Called Strike
0-1: Called Strike
0-2: Foul Ball, location: 2F
0-2: Foul Ball, location: 2F
0-2: Ball
1-2: Ball
2-2: DOUBLE (Groundball, 5L)
Batting: LHB Dave Pitts 0-0: Called Strike
0-1: SINGLE (Flyball, 8LS)
Vincente Sáenz to third
Batting: SHB Caden Keith 0-0: Ball
1-0: Swinging Strike
1-1: Foul Ball, location: 2F
1-2: Strikes out swinging
Batting: RHB Jorge Rodríguez 0-0: Foul Ball, location: 2F
0-1: Ball
1-1: Ball
2-1: Foul Ball, location: 2F
2-2: Ball
3-2: Base on Balls
Dave Pitts to second
Batting: RHB Gernot Renner 0-0: Foul Ball, location: 2F
0-1: Fly out, F8 (Flyball, 8LD)
Bottom of the 13th over - 0 run(s), 2 hit(s), 0 error(s), 3 left on base; Richmond 4 - Blueville 4
TOP OF THE 14TH
Richmond Flairs batting - Pitching for Blueville 83's : RHP Ernesto Germán
Batting: LHB Roland Jones 0-0: Foul Ball, location: 2F
0-1: Called Strike
0-2: Foul Ball, location: 2F
0-2: Ground out 6-3 (Groundball, 6MS)
Batting: LHB Frank Geddes 0-0: Called Strike
0-1: Swinging Strike
0-2: Ball
1-2: Ball
2-2: Ground out 1-3 (Groundball, P)
Batting: RHB Ray Yates 0-0: Ball
1-0: Swinging Strike
1-1: SOLO HOME RUN (Flyball, 78XD), Distance : 437 ft
Batting: SHB Adrián Miranda 0-0: Ball
1-0: SOLO HOME RUN (Flyball, 9D), Distance : 389 ft
Batting: RHB Javier Rentería 0-0: SINGLE (Groundball, 6M) (infield hit)
Batting: LHB Mike Young 0-0: Ball
1-0: Fly out, F8 (Flyball, 78D)
Top of the 14th over - 2 run(s), 3 hit(s), 0 error(s), 1 left on base; Richmond 6 - Blueville 4
BOTTOM OF THE 14TH
Blueville 83's batting - Pitching for Richmond Flairs : RHP Alfonso Rodríguez
Batting: RHB Carlos Carrillo 0-0: Ball
1-0: Foul Ball, location: 2F
1-1: Called Strike
1-2: Foul Ball, location: 2F
1-2: Strikes out swinging
Batting: RHB Matt Perkins 0-0: Ball
1-0: Ball
2-0: Ball
3-0: Called Strike
3-1: Foul Ball, location: 2F
3-2: Base on Balls
Batting: RHB Pat Haynes 0-0: Fly out, F3 (Line Drive, 34)
Batting: LHB Júlio Velásquez 0-0: Called Strike
0-1: Ball
1-1: Ball
2-1: Foul Ball, location: 2F
2-2: SINGLE (Line Drive, 9LS)
Matt Perkins to second
Batting: LHB Vincente Sáenz 0-0: Called Strike
0-1: Ball
1-1: Ball
2-1: Swinging Strike
2-2: Strikes out swinging
Bottom of the 14th over - 0 run(s), 1 hit(s), 0 error(s), 2 left on base; Richmond 6 - Blueville 4
Thursday, March 30th, 2017 - OOTP Baseball 17.12 Build 75